 Dungeon Crawl Stone Soup version 0.30-a0-652-gcc886f7154 (webtiles) character file.

Game seed: 1501005632001124732

76 bande the Covered (level 4, -3/29 HPs)
             Began as a Gargoyle Fighter on Jan 18, 2023.
             Slain by a gnoll
             ... wielding a +0 club
              (5 damage)
             ... on level 3 of the Dungeon.
             The game lasted 00:03:17 (1688 turns).

bande the Covered (Gargoyle Fighter)                Turns: 1688, Time: 00:03:18

Health: -3/29      AC: 15    Str: 19    XL:     4   Next: 32%
Magic:  4/4        EV:  5    Int:  9    God:
Gold:   169        SH:  5    Dex: 17    Spells: 3/3 levels left

rFire   . . .      SeeInvis .    a - +0 war axe
rCold   . . .      Faith    .    c - +0 buckler
rNeg    + . .      Spirit   .    g - +0 plate armour
rPois   ∞          Reflect  .    (no helmet)
rElec   +          Harm     .    (no cloak)
rCorr   .          Rampage  .    (no gloves)
Will    +....                    (no boots) Stlth
                                 b - amulet of the acrobat
HPRegen 0.24/turn                f - +6 ring of dexterity
MPRegen 0.09/turn                m - ring of willpower

@: no status effects
A: sickness immunity, AC +3, negative energy resistance 1, electricity
resistance, torment resistance 1, petrification resistance
a: no special abilities


You were on level 3 of the Dungeon.
You visited 1 branch of the dungeon, and saw 3 of its levels.

You collected 169 gold pieces.

Inventory:

Hand Weapons
 a - a +0 war axe (weapon)
Armour
 c - a +0 buckler (worn)
 g - a +0 plate armour (worn)
Jewellery
 b - an amulet of the acrobat (around neck)
 f - a +6 ring of dexterity (left hand)
 m - a ring of willpower (right hand)
 q - an amulet of magic regeneration
Scrolls
 e - 2 scrolls of noise {unknown}
 h - a scroll of vulnerability {unknown}
 n - 3 scrolls of identify {unknown}
Potions
 d - a potion of might
 i - 2 potions of attraction {unknown}
 j - a potion of ambrosia {unknown}
 k - a potion of mutation {unknown}
 l - a potion of flight {unknown}
 o - a potion of berserk rage {unknown}
 p - a potion of heal wounds {unknown}


   Skills:
 + Level 3.8 Fighting
 + Level 3.0 Axes
 + Level 3.9 Armour
 + Level 3.6 Shields


You had 3 spell levels left.
You didn't know any spells.
Your spell library contained the following spells:

 Spells                   Type           Power      Damage    Failure   Level
 Freeze                   Ice            0%         1d3       100%        1
 Frozen Ramparts          Ice            0%         1d1       100%        3
 Hailstorm                Conj/Ice       0%         3d3       100%        3
 Petrify                  Tmut/Erth      0%         N/A       100%        4
 Irradiate                Conj/Tmut      0%         3d11      100%        5
 Sublimation of Blood     Necr           Unusable   N/A       N/A         2

Dungeon Overview and Level Annotations

Branches:
Dungeon (3/15)

Altars:


Innate Abilities, Weirdness & Mutations

You are immune to sickness and miasma.
Your stone body is resilient. (AC +3)
You are immune to poison.
You resist negative energy. (rN+)
You are resistant to electric shocks. (rElec)
You are resistant to unholy torment.
You are immune to petrification.


Message History

The gnoll shouts!
A gnoll comes into view. It is wielding a +0 club.
Found a robe.
The gnoll shouts!
The gnoll hits you from afar with a +0 spear.
You barely miss the gnoll. The gnoll hits you but does no damage.
The gnoll barely misses you.
You slash the gnoll!
You kill the gnoll!
The gnoll hits you but does no damage. You block the gnoll's attack.
The gnoll hits you from afar with a +0 halberd!
The gnoll barely misses you.
Your Axes skill increases to level 3!
Found a book of the Senses.
The gnoll hits you with a +0 spear. You block the gnoll's attack.
You slash the gnoll!
The gnoll is almost dead.
You barely miss the gnoll. You closely miss the gnoll.
The gnoll hits you but does no damage. The gnoll closely misses you.
The gnoll hits you with a +0 halberd.
You are too injured to fight recklessly!
You are too injured to fight recklessly!
You are too injured to fight recklessly!
You are too injured to fight recklessly!
You are too injured to fight recklessly!
You are too injured to fight recklessly!
You are too injured to fight recklessly!
You are too injured to fight recklessly!
Unknown command.
You closely miss the gnoll. You hit the gnoll. x2
The gnoll hits you but does no damage. x2
The gnoll hits you with a +0 halberd.
* * * LOW HITPOINT WARNING * * *
You hit the gnoll.
The gnoll is heavily wounded.
You barely miss the gnoll. You hit the gnoll but do no damage.
The gnoll hits you with a +0 spear.
* * * LOW HITPOINT WARNING * * *
The gnoll hits you with a +0 club.
You die...

..:# #[.# # #..# #.#..#
### #.#..# #..
##.#....#####.##### ###
......ggg......... ..
#@###....#.#.####. .##
#).##....#.# ...#.
....[.#.#.......# #.#.
.....#.#.#......####...
....##.#.##............
...# #.#.###.......###.
..# ##.## ##..........
.# #+# ##.#...###.
###...# ##


You could see 3 gnolls.

Vanquished Creatures
  A gnoll (D:3)
  2 adders (D:2)
  2 worms
  2 dart slugs (D:1)
  4 bats
  An endoplasm (D:1)
  3 giant cockroaches
  2 goblins (D:1)
  6 hobgoblins
  3 quokkas (D:1)
  3 ball pythons
  5 frilled lizards
  2 kobolds (D:2)
  4 rats
40 creatures vanquished.

Notes
Turn   | Place    | Note
-------+----------+-------------------------------------------
     0 | D:1      | bande the Gargoyle Fighter began the quest for the Orb.
     0 | D:1      | Reached XP level 1. HP: 14/14 MP: 1/1
   232 | D:1      | Reached XP level 2. HP: 19/19 MP: 2/2
   506 | D:1      | Reached XP level 3. HP: 23/23 MP: 3/3
  1300 | D:2      | Reached XP level 4. HP: 29/29 MP: 4/4
  1688 | D:3      | Slain by a gnoll

Illustrated notes

Levels and vault maps discovered:
D:1:      eino_arrival_water_star, layout_loops_corners
D:2:      layout_basic, palyth_stone_intersect
D:3:      layout_basic, wad_orctagon

Skill      XL: |  1  2  3  4 |
---------------+-------------+-----
Axes           | 2 3 |  3.0
Fighting       | |  3.8
Armour         | |  3.9
Shields        | |  3.6

Action                   |  1- 3 |  4- 6 || total
-------------------------+-------+-------++-------
Melee: War axe           |   104 |    17 ||   121
Armor: Plate armour      |    81 |    12 ||    93
Dodge: Dodged            |    33 |    10 ||    43
Block: Buckler           |    28 |     4 ||    32

Table legend: (Time is in decaauts)
 A = Elapsed time spent in this place.
 B = Non-inter-level travel time spent in this place.
 C = Inter-level travel time spent in this place.
 D = Time resting spent in this place.
 E = Time spent auto-exploring this place.
 F = Levels seen in this place.
 G = Mean time per level.
                   A        B        C        D        E       F      G
               +--------+--------+--------+--------+--------+-----+--------+
         Total |   1738 |   1673 |     65 |      0 |   1318 |   3 |  579.3 |
       Dungeon |   1738 |   1673 |     65 |      0 |   1318 |   3 |  579.3 |
               +--------+--------+--------+--------+--------+-----+--------+

Top non-repeatable levels by time:
     D:1: 1046 daAuts
     D:2: 635 daAuts
     D:3: 56 daAuts
